 Dungeon Crawl Stone Soup version 0.19.1 (console) character file.

29103 fly the Grappler (level 13, -5/111 HPs)
             Began as a Green Draconian Berserker on Dec 8, 2016.
             Was a High Priest of Trog.
             Slain by an eight-headed hydra (9 damage)
             ... on level 12 of the Dungeon.
             The game lasted 00:46:01 (15401 turns).

fly the Grappler (Green Draconian Berserker)       Turns: 15401, Time: 00:46:03

Health: -5/111     AC: 13    Str: 21    XL:     13   Next: 13%
Magic:  19/19      EV: 16    Int: 11    God:    Trog [*****.]
Gold:   676        SH:  3    Dex: 11    Spells: 0 memorised, 12 levels left

rFire  . . .     SeeInvis .       - Unarmed
rCold  . . .     Gourm    .     (armour unavailable)
rNeg   . . .     Faith    .     (no shield)
rPois  +         Spirit   .     (helmet restricted)
rElec  .         Reflect  +     q - +2 cloak
rCorr  +         Harm     .     r - +0 pair of gloves
MR     .....                    o - +0 pair of boots
Stlth  ++........               t - +3 amulet of reflection
                                (no ring)
                                d - ring of resist corrosion

@: no status effects
A: breathe noxious fumes, unfitting armour, poison resistance, cold-blooded, AC
+8
a: Breathe Noxious Fumes, Berserk, Trog's Hand, Brothers in Arms, Burn
Spellbooks, Renounce Religion


You were on level 12 of the Dungeon.
You worshipped Trog.
Trog was extremely pleased with you.
You were not hungry.

You visited 2 branches of the dungeon, and saw 14 of its levels.

You collected 766 gold pieces.
You spent 90 gold pieces at shops.

Inventory:

Hand Weapons
 a - a +4 long sword
 c - the +0 flail of Exquisite Torment {crush, Dex+5}
   (You found it on level 8 of the Dungeon)

   It inflicts extra damage upon your enemies.
   It affects your dexterity (+5).
Armour
 o - a +0 pair of boots (worn)
 q - a +2 cloak (worn)
 r - a +0 pair of gloves (worn)
Magical Staves
 l - an uncursed staff of cold
Jewellery
 d - a ring of resist corrosion (left hand)
 t - a +3 amulet of reflection (around neck)
Wands
 b - a wand of paralysis (11/24)
 m - a wand of hasting (4/9)
 y - a wand of random effects (11/48)
 z - a wand of digging (2/24)
 E - a wand of paralysis (13/24)
 F - a wand of slowing (23/48)
 M - a wand of lightning (0/15)
 O - a wand of lightning (4/15)
 R - a wand of confusion (7/48)
Scrolls
 h - 6 scrolls of enchant armour {unknown}
 i - a scroll of fog
 n - 3 scrolls of remove curse
 s - 4 scrolls of amnesia {unknown}
 B - 5 scrolls of enchant weapon {unknown}
 C - a scroll of magic mapping
 G - 5 scrolls of teleportation {unknown}
Potions
 e - a potion of agility
 g - 7 potions of might
 p - 7 potions of curing
 u - a potion of brilliance {unknown}
 w - a potion of mutation
 x - 2 potions of flight {unknown}
 D - a potion of resistance {unknown}
Comestibles
 f - 8 meat rations
 j - 7 bread rations
 k - a fruit
 v - a royal jelly
 A - 8 chunks of flesh


   Skills:
 - Level 9.0 Fighting
 - Level 12.3 Long Blades
 - Level 9.0 Dodging
 - Level 2.0 Stealth
 + Level 14.0 Unarmed Combat
 - Level 9.0 Evocations


You had 12 spell levels left.
You didn't know any spells.

Dungeon Overview and Level Annotations

Branches:
Dungeon (12/15)            Temple (0/1) D:7            Lair (2/6) D:9
    Orc (0/2) D:9
  Swamp: Lair:2-4    Shoals: Lair:2-4     Snake: Lair:2-4    Spider: Lair:2-4

Altars:
Elyvilon
Gozag
Kikubaaqudgha
Nemelex Xobeh
Qazlal
Uskayaw
Xom
Zin

Shops:
D:6 [


Innate Abilities, Weirdness & Mutations

You can breathe blasts of noxious fumes.
Your lurid green scales are hard. (AC +8)
You cannot fit into any form of body armour.
Your system is resistant to poisons. (rPois)
You are cold-blooded and may be slowed by cold attacks.


Message History

Press: ? - help, Shift-Dir - straight line, f/p - eight-headed hydra
Aim: an eight-headed hydra (almost dead, confused)
You hear a mighty clap of thunder!
The bolt of lightning hits the eight-headed hydra.
The eight-headed hydra is almost dead.
Evoking this partially-identified wand wasted a few charges.
Your skill with magical items lets you calculate the power of this device...
This wand has 4 charges left.
You are now empty-handed.
You punch the eight-headed hydra!
The eight-headed hydra is almost dead.
The eight-headed hydra bites you! x2
* * * LOW HITPOINT WARNING * * *
The eight-headed hydra bites you!
* * * LOW HITPOINT WARNING * * *
The eight-headed hydra bites you!
* * * LOW HITPOINT WARNING * * *
The eight-headed hydra bites you but does no damage.
The eight-headed hydra bites you!
You die...

.u. ..# #...# ......... #.# #.#
#...# ......... #!# #.# #...#
......... #O# #.# #...# .........
. #.# #.# #...# ......... .. #.#
#.# #...# #<....#.# .H. #.#####.#
#...# #######.#
....###....##.#####...#########.#
....>.)........D@......(.........
....###....##........))<.........
... #....#####################.
.. #....# #. . #....# #. #....#
#. #....# #. #...(# ## #....# #


You could see an eight-headed hydra (confused).

Vanquished Creatures
  Snorg (D:12)
  The ghost of Scuka the Cleaver, a journeyman HOFi of Beogh (D:10)
  4 hydras
  Fannar (D:12)
  The ghost of Philosophy the Blocker, a journeyman FoFi of Okawaru (Lair:1)
  An unseen horror (D:11)
  8 hill giants
  A wizard (D:11)
  An obsidian statue (D:10)
  Pikel (D:4)
  A deep elf mage (D:12)
  2 ugly things
  An ice statue (D:8)
  2 gargoyles
  A centaur skeleton (D:11)
  2 spiny frogs (Lair:1)
  A kobold demonologist (D:11)
  A hornet (D:11)
  A two-headed ogre (Lair:1)
  5 trolls
  Grinder (D:4)
  5 hippogriffs
  A wraith (D:12)
  21 yaks
  2 wyverns
  2 hungry ghosts
  Grum (D:8)
  A warg (D:9)
  Edmund (D:4)
  4 water moccasins
  2 hell hounds (D:9)
  6 orc warriors
  3 porcupines
  2 sky beasts (D:7)
  An eye of draining (D:12)
  3 ice beasts
  A necrophage (D:9)
  A phantom (D:5)
  10 ogres
  12 wolves
  5 crocodiles (Lair:1)
  6 centaurs
  7 big kobolds
  Blork the orc (D:4)
  9 bullfrogs
  2 gnoll sergeants
  7 scorpions
  10 killer bees
  4 wights (D:7)
  An electric eel (Lair:1)
  A howler monkey (D:4)
  3 bullfrog zombies
  6 crimson imps
  A centaur zombie (D:7)
  4 orc priests
  9 hounds
  6 jellies
  3 bullfrog skeletons
  Crazy Yiuf (D:5)
  2 iguanas
  Ijyb (D:3)
  7 orc wizards
  6 worker ants
  A killer bee zombie (D:6)
  4 hound zombies
  2 hound skeletons
  Robin (D:4)
  3 worker ant zombies
  12 adders
  A howler monkey skeleton (D:11)
  8 gnolls
  8 oozes
  5 dart slugs
  A worm (D:2)
  7 leopard geckos
  42 orcs
  7 bats
  2 giant cockroaches
  22 goblins
  15 hobgoblins
  3 jackals (D:4)
  7 quokkas
  2 ball pythons
  7 frilled lizards
  26 kobolds
  A leopard gecko zombie (D:5)
  A quokka skeleton (D:8)
  A quokka zombie (D:10)
  8 rats
416 creatures vanquished.

Vanquished Creatures (collateral kills)
  The ghost of appiemonkey the Fighter, a novice GrFi of Okawaru (D:9)
  A hill giant (D:10)
  3 yaks (D:10)
  An orc warrior (D:9)
  A scorpion (D:12)
  A hound (D:10)
  An orc priest (D:10)
  An adder (D:12)
  An orc (D:9)
  2 kobolds (D:10)
  A butterfly (D:9)
14 creatures vanquished.

Vanquished Creatures (others)
  A kobold demonologist (D:11)
  A gnoll (D:9)
  2 orcs
  A fungus (Lair:2)
  A plant (Lair:1)
6 creatures vanquished.

Grand Total: 436 creatures vanquished

Notes
Turn   | Place    | Note
-------+----------+-------------------------------------------
     0 | D:1      | fly the Draconian Berserker began the quest for the Orb.
     0 | D:1      | Reached XP level 1. HP: 19/19 MP: 1/1
   180 | D:1      | Reached XP level 2. HP: 20/26 MP: 2/2
   355 | D:1      | Reached ** piety under Trog
   522 | D:2      | Reached XP level 3. HP: 30/31 MP: 3/3
   762 | D:2      | Reached XP level 4. HP: 24/38 MP: 4/4
   800 | D:2      | Found a stormy altar of Qazlal.
  1120 | D:2      | You fall through a shaft!
  1144 | D:3      | Noticed Ijyb
  1151 | D:3      | Killed Ijyb
  1151 | D:3      | Reached skill level 4 in Unarmed Combat
  1207 | D:3      | Found Zin's Purification Station.
  1210 | D:3      | Found a glowing silver altar of Zin.
  1388 | D:3      | Reached XP level 5. HP: 38/45 MP: 5/5
  1926 | D:3      | Reached *** piety under Trog
  2060 | D:4      | Found an opulent altar of Gozag.
  2094 | D:4      | Noticed Grinder
  2108 | D:4      | HP: 2/45 [Grinder/nerve-wracking pain (3)]
  2219 | D:4      | Killed Grinder
  2219 | D:4      | Reached skill level 5 in Dodging
  2219 | D:4      | Reached skill level 5 in Unarmed Combat
  2219 | D:4      | Reached XP level 6. HP: 51/51 MP: 6/6
  2302 | D:4      | Noticed Edmund
  2313 | D:4      | Killed Edmund
  2313 | D:4      | Reached skill level 1 in Stealth
  2313 | D:4      | Reached skill level 6 in Unarmed Combat
  2313 | D:4      | Your scales start taking on a lurid green colour.
  2313 | D:4      | Reached XP level 7. HP: 57/57 MP: 7/7
  2313 | D:4      | Gained mutation: Your system is resistant to poisons. (rPois) [Green Draconian growth]
  2484 | D:4      | Noticed Pikel
  2600 | D:4      | Killed Pikel
  2600 | D:4      | Reached skill level 8 in Unarmed Combat
  2600 | D:4      | Reached XP level 8. HP: 63/63 MP: 8/8
  2744 | D:4      | Noticed Robin
  2805 | D:4      | Killed Robin
  3185 | D:4      | Noticed Blork the orc
  3198 | D:4      | Killed Blork the orc
  3553 | D:5      | Entered Level 5 of the Dungeon
  3890 | D:5      | Reached skill level 5 in Fighting
  4027 | D:5      | Reached **** piety under Trog
  4084 | D:5      | Found a runed door.
  4131 | D:5      | Reached skill level 9 in Unarmed Combat
  4266 | D:5      | Noticed Crazy Yiuf
  4279 | D:5      | Killed Crazy Yiuf
  4587 | D:6      | Found Yjiups's Armour Boutique.
  4812 | D:6      | Reached XP level 9. HP: 48/75 MP: 9/9
  4948 | D:6      | Found a sparkling altar of Nemelex Xobeh.
  5259 | D:3      | Bought a potion of curing for 90 gold pieces
  5448 | D:7      | Reached skill level 1 in Evocations
  5460 | D:7      | Found a staircase to the Ecumenical Temple.
  5682 | D:7      | Found a hide-covered altar of Uskayaw.
  5682 | D:7      | Found a faded altar of an unknown god.
  5687 | D:7      | Found a faded altar of an unknown god.
  5690 | D:7      | Found a stormy altar of Qazlal.
  5692 | D:7      | Found a white marble altar of Elyvilon.
  5751 | D:7      | Reached skill level 5 in Evocations
  6382 | D:8      | Reached skill level 10 in Unarmed Combat
  6525 | D:8      | Noticed an ice statue
  6686 | D:8      | Killed an ice statue
  6714 | D:8      | Got a shimmering flail
  6755 | D:8      | Reached XP level 10. HP: 47/84 MP: 13/15
  6927 | D:8      | Noticed Grum
  6932 | D:8      | Reached ***** piety under Trog
  6949 | D:8      | Killed Grum
  6952 | D:8      | Received a gift from Trog
  7437 | D:8      | Identified the cursed +0 flail of Exquisite Torment {crush, Dex+5} (You found it on level 8 of the Dungeon)
  7548 | D:9      | Found a staircase to the Lair.
  7915 | D:9      | Found a shimmering altar of Xom.
  8023 | D:9      | Found an ancient bone altar of Kikubaaqudgha.
  8116 | D:9      | Found a staircase to the Orcish Mines.
  8147 | D:9      | Noticed a hill giant
  8248 | D:9      | Killed a hill giant
  8674 | D:9      | Noticed appiemonkey's ghost (novice GrFi)
  8688 | D:9      | Killed appiemonkey's ghost
  8714 | Lair:1   | Entered Level 1 of the Lair of Beasts
  8743 | Lair:1   | Noticed a spiny frog
  8752 | Lair:1   | Killed a spiny frog
  8752 | Lair:1   | Reached XP level 11. HP: 61/94 MP: 17/17
  8895 | Lair:1   | Noticed Philosophy's ghost (journeyman FoFi)
  8908 | Lair:1   | Killed Philosophy's ghost
  9243 | Lair:1   | Noticed a six-headed hydra
  9279 | Lair:1   | Killed a six-headed hydra
 10334 | Lair:2   | Reached skill level 11 in Unarmed Combat
 10621 | Lair:2   | Noticed a five-headed hydra
 10640 | Lair:2   | Killed a five-headed hydra
 11353 | Lair:1   | Noticed an eight-headed hydra
 11366 | Lair:1   | Killed an eight-headed hydra
 11366 | Lair:1   | Reached skill level 12 in Unarmed Combat
 11684 | D:10     | Entered Level 10 of the Dungeon
 11727 | D:10     | Reached skill level 1 in Long Blades
 11815 | D:10     | Noticed a hill giant
 11828 | D:10     | Noticed Scuka's ghost (journeyman HOFi)
 11838 | D:10     | Noticed a hill giant
 11905 | D:10     | Killed Scuka's ghost
 12287 | D:10     | Noticed an obsidian statue
 12293 | D:10     | Noticed a sixfirhy
 12301 | D:10     | Noticed a sixfirhy
 12301 | D:10     | Killed an obsidian statue
 12301 | D:10     | Reached skill level 5 in Long Blades
 12301 | D:10     | Reached XP level 12. HP: 11/104 MP: 18/18
 12997 | D:10     | Reached skill level 10 in Long Blades
 13621 | D:11     | Reached skill level 13 in Unarmed Combat
 14637 | D:12     | Noticed Fannar
 14673 | D:12     | Received a gift from Trog
 14973 | D:12     | Killed Fannar
 14973 | D:12     | Reached XP level 13. HP: 111/111 MP: 19/19
 15044 | D:12     | Noticed Snorg
 15091 | D:12     | Killed Snorg
 15334 | D:12     | HP: 2/111 [red ugly thing (14)]
 15341 | D:12     | Reached skill level 14 in Unarmed Combat
 15401 | D:12     | HP: 4/111 [eight-headed hydra (13)]
 15401 | D:12     | Slain by an eight-headed hydra

Skill      XL: |  1  2  3  4  5  6  7  8  9 10 11 12 13 |
---------------+----------------------------------------+-----
Dodging        | 3 4 5 6 8 9 |  9.0
Unarmed Combat | 4 5 6 8 9 10 12 13 14 | 14.0
Stealth        | 1 2 |  2.0
Fighting       | 6 8 9 |  9.0
Evocations     | 6 8 9 |  9.0
Long Blades    | 5 12 | 12.3

Action                   |  1- 3 |  4- 6 |  7- 9 | 10-12 | 13-15 || total
-------------------------+-------+-------+-------+-------+-------++-------
Melee: Unarmed           |    93 |   154 |   411 |   561 |     4 ||  1223
       Tailslap          |    12 |    17 |    54 |   143 |     8 ||   234
       Punch             |     3 |     2 |    15 |    43 |     7 ||    70
       Long sword        |       |       |       |   163 |    38 ||   201
       Flail             |       |       |       |    13 |       ||    13
Invok: Berserk           |     2 |     6 |     9 |    18 |     3 ||    38
       Trog's Hand       |       |     1 |     2 |     4 |     1 ||     8
       Brothers in Arms  |       |       |       |     6 |     1 ||     7
 Abil: Breathe Noxious F |       |       |    15 |    47 |     3 ||    65
Evoke: Wand              |       |       |     2 |    25 |    10 ||    37
  Use: Scroll            |       |       |     7 |     6 |     2 ||    15
       Potion            |       |       |       |       |     2 ||     2
 Stab: Sleeping          |       |     2 |     3 |     6 |       ||    11
       Confused          |       |       |    12 |    25 |     1 ||    38
       Paralysed         |       |       |       |     7 |       ||     7
       Distracted        |       |       |       |     2 |       ||     2
  Eat: Chunk             |     1 |    10 |    27 |    42 |     6 ||    86
       Beef jerky        |       |       |       |     4 |       ||     4
       Pizza             |       |       |       |     2 |       ||     2
       Bread ration      |       |       |       |     1 |       ||     1
       Fruit             |       |       |       |     1 |       ||     1
Armor: Skin              |    20 |    37 |   102 |   207 |    17 ||   383
Dodge: Dodged            |    51 |    99 |   207 |   488 |    47 ||   892
Block: Other             |       |       |       |    24 |     6 ||    30
       Reflection        |       |       |       |     2 |       ||     2
       Rpst.: Long sword |       |       |       |    37 |     6 ||    43
